 Dungeon Crawl Stone Soup version 0.25.1-2-g60ff931df9 (webtiles) character file.

Game seed: 16034209101937148167

28 hellfireifrit the Ruffian (level 3, -3/28 HPs)
             Began as a Draconian Transmuter on Nov 1, 2020.
             Slain by a centaur (7 damage)
             ... on level 2 of the Dungeon.
             The game lasted 00:08:40 (1063 turns).

hellfireifrit the Ruffian (Draconian Transmuter)    Turns: 1063, Time: 00:08:40

Health: -3/28      AC:  6    Str: 13    XL:     3   Next: 0%
Magic:  6/6        EV: 12    Int: 13    God:
Gold:   43         SH:  0    Dex: 11    Spells: 5/6 levels left

rFire    . . .     SeeInvis .     - Unarmed
rCold    . . .     Gourm    .   (no shield)
rNeg     . . .     Faith    .   (armour unavailable)
rPois    .         Spirit   .   (helmet restricted)
rElec    .         Reflect  .   (no cloak)
rCorr    .         Harm     .   k - +0 pair of gloves
MR       .....                  (no boots)
Stlth    +.........             (no amulet)
HPRegen  0.09/turn              (no ring)
MPRegen  0.10/turn              (no ring)

@: appendage (expiring)
A: unfitting armour, horns 2, cold-blooded, AC +5
a: End Transformation


You were on level 2 of the Dungeon.
You were not hungry.
You had grown temporary horns.
You visited 1 branch of the dungeon, and saw 2 of its levels.

You collected 43 gold pieces.

Inventory:

Hand Weapons
 b - a +0 short sword
 e - a cursed -1 dagger
 g - a +0 short sword
 i - a +1 hand axe
Missiles
 a - 12 arrows
Armour
 d - a +0 ring mail
 f - a +0 leather armour
 h - a +0 leather armour
 k - a +0 pair of gloves (worn)
Scrolls
 j - 3 scrolls of remove curse
 m - a scroll of enchant weapon
Potions
 l - a potion of heal wounds {unknown}
Comestibles
 c - a ration


   Skills:
 + Level 1.2 Fighting
 + Level 1.9 Dodging
 + Level 3.8 Unarmed Combat
 + Level 2.1 Spellcasting
 + Level 2.2 Transmutations


You had 5 spell levels left.
You knew the following spells:

 Your Spells              Type           Power        Failure   Level  Hunger
a - Beastly Appendage     Tmut           #.....       11%         1    ##.....

Your spell library contained the following spells:

 Spells                   Type           Power        Failure   Level  Hunger
 Sticks to Snakes         Tmut           #.......     16%         2    ###....
 Spider Form              Tmut/Pois      #.........   43%         3    ####...
 Ice Form                 Ice/Tmut       #.......     85%         4    #####..
 Blade Hands              Tmut           #.........   96%         5    ######.


Dungeon Overview and Level Annotations

Branches:
Dungeon (2/15)

Altars:


Innate Abilities, Weirdness & Mutations

Your plain brown scales are hard. (AC +5)
You cannot fit into any form of body armour.
You are cold-blooded and may be slowed by cold attacks.
You have a pair of horns on your head.


Message History

The centaur barely misses you.
The centaur hits you but does no damage.
You hit the centaur.
The centaur is heavily wounded.
The centaur hits you but does no damage.
You hit the centaur but do no damage. Your headbutt misses the centaur.
The centaur is heavily wounded.
The centaur hits you but does no damage.
You hit the centaur but do no damage.
The centaur is heavily wounded.
The centaur hits you.
* * * LOW HITPOINT WARNING * * *
The centaur misses you.
You hit the centaur but do no damage.
The centaur is heavily wounded.
The centaur closely misses you.
You punch the centaur!
The centaur is almost dead.
The centaur barely misses you. The centaur hits you!
You die...

#.......#
#.......#
##.......#
........#
#.......# .......#
. #....#.# ...
#.####.#
..c..####@.....#
#..sc..)...#
#.###......### #
#..........
#.....######
#...........
###.....#####
#......##
#.#.##.###########


You could see a centaur and a giant cockroach.

Vanquished Creatures
  A dart slug (D:1)
  A giant cockroach (D:2)
  6 goblins (D:1)
  2 hobgoblins
  6 kobolds
  A ball python (D:1)
  5 bats (D:1)
  A frilled lizard (D:1)
  5 rats (D:1)
28 creatures vanquished.

Notes
Turn   | Place    | Note
-------+----------+-------------------------------------------
     0 | D:1      | hellfireifrit the Draconian Transmuter began the quest for
                  | the Orb.
     0 | D:1      | Reached XP level 1. HP: 16/16 MP: 3/3
     2 | D:1      | Noticed a minotaur
     2 | D:1      | Noticed a felid
     4 | D:1      | Noticed a formicid
     6 | D:1      | Noticed an octopode
     6 | D:1      | Noticed a halfling
     8 | D:1      | Noticed an elf
    10 | D:1      | Noticed a centaur
    10 | D:1      | Noticed a dwarf
    12 | D:1      | Noticed a vampire
    14 | D:1      | Noticed a tengu
    14 | D:1      | Noticed a ghoul
    16 | D:1      | Noticed a merfolk
    18 | D:1      | Noticed a spriggan
    18 | D:1      | Noticed a gargoyle
    20 | D:1      | Noticed a human
    20 | D:1      | Noticed a demigod
    22 | D:1      | Noticed a troll
    22 | D:1      | Noticed an ogre
    24 | D:1      | Noticed a draconian
    24 | D:1      | Noticed a vine stalker
    26 | D:1      | Noticed a naga
    26 | D:1      | Noticed a demonspawn
   288 | D:1      | Reached XP level 2. HP: 11/23 MP: 5/5
  1044 | D:2      | Noticed a centaur
  1049 | D:2      | Reached XP level 3. HP: 23/28 MP: 6/6
  1063 | D:2      | Slain by a centaur

Illustrated notes

Levels and vault maps discovered:
D:1:      kb_arrival_jail, layout_loops_corners
D:2:      layout_basic

Action                   || total
-------------------------++-------
Melee: Unarmed           ||    83
       Tailslap          ||     7
       Kick              ||     2
       Headbutt          ||     2
 Cast: Beastly Appendage ||     3
  Use: Scroll            ||     3
 Stab: Sleeping          ||     1
  Eat: Ration            ||     1
Armor: Skin              ||    43
Dodge: Dodged            ||    66
